[Event "Early-Titled-Tuesday-Blitz-September-12-2023"]
[Site "Chess.com"]
[Date "2023.09.12"]
[Round "8"]
[White "RandomNoob04"]
[Black "YEIKO2017"]
[Result "1-0"]
[WhiteElo "2641"]
[BlackElo "2525"]
[TimeControl "180+1"]
[EndTime "9:29:12 PDT"]
[Termination "RandomNoob04 won by resignation"]

1. e4 c5 2. d4 cxd4 3. c3 e5 4.
Nf3 Nc6 5. cxd4 exd4 6. Nxd4 Nf6 7. Nc3 Bb4 8. Nxc6 dxc6 9. Qxd8+ Kxd8 10. Bg5 h6 11. O-O-O+ Ke7 12. Bh4 g5 13. Bg3 Be6 14. Bd3 Rhd8 15. a3 Bc5 16. Rd2 Nh5 17. Rhd1 Nxg3 18. hxg3 Bg4 19. Be2 Bxe2 20. Rxe2 Rxd1+ 21. Kxd1 Rd8+ 22. Kc2 Ke6 23. f4 g4 24. e5 Kf5 25. Ne4 Be7 26. Nf2 h5 27. Nd1 Bc5 28. Ne3+ Bxe3 29. Rxe3 h4 30. e6 fxe6 31. Re5+ Kf6 32.
gxh4 Rg8 33. g3 b6 34. Kd3 Rd8+ 35. Ke2 Rd5 36. Rg5 Rxg5 37. hxg5+ Kf5 38. Ke3 e5 39. fxe5 Kxe5 40. g6 Kf6 41. Kf4 Kxg6 42. Kxg4 c5 43. Kf4 c4 44. Ke4 b5 45. Kd5 a5 46. Kc5 b4 47.
axb4 c3 48. bxc3 a4 49. Kc4 1-0

[Event "Early-Titled-Tuesday-Blitz-September-12-2023"]
[Site "Chess.com"]
[Date "2023.09.12"]
[Round "8"]
[White "mjray79"]
[Black "Gogolev_Artemy"]
[Result "1-0"]
[WhiteElo "2537"]
[BlackElo "2391"]
[TimeControl "180+1"]
[EndTime "9:29:14 PDT"]
[Termination "mjray79 won by resignation"]

1. Nf3 d5 2. c4 c6 3. g3 Nf6 4. Bg2 dxc4 5. O-O g6 6. Ne5 Qd4 7. Nf3 Qd8 8. Na3 Be6 9. Qc2 Bg7 10. Nxc4 O-O 11. d4 Na6 12. a3 c5 13. Rd1 Qc8 14. Na5 b6 15. Nb3 Bf5 16. Qc4 b5 17. Qc3 Nd5 18. Qd2 c4 19. Na5 Rd8 20. Qe1 Be4 21.
Bf4 Nxf4 22. gxf4 Qc7 23. e3 Nb8 24. Rac1 Nc6 25. Nxc6 Qxc6 26. Qe2 Rac8 27. Rc3 Qd5 28. Rdc1 Bf6 29. b3 Qd6 30. bxc4 Rxc4 31. Nd2 Rxc3 32. Rxc3 Bxg2 33. Kxg2 Qd5+ 34. Qf3 Qxf3+ 35. Kxf3 e6 36. Rc7 a5 37. Ne4 Bg7 38. Rb7 Rd5 39. Nc5 Bf8 40. Rxb5 Bxc5 41. Rxc5 Rxc5 42. dxc5 Kf8 43.
Ke4 Ke7 44. Kd4 Kd7 45. Kc4 Kc6 46. a4 h6 47. Kd4 f6 48. e4 e5+ 49. fxe5 fxe5+ 50.
Kxe5 Kxc5 51. Kf6 Kb4 52. e5 Kxa4 53. e6 Kb4 54. e7 a4 55. e8=Q a3 56. Qe5 a2 57.
Qa1 Kb3 58. Kxg6 1-0

[Event "Early-Titled-Tuesday-Blitz-September-12-2023"]
[Site "Chess.com"]
[Date "2023.09.12"]
[Round "8"]
[White "GMJustin"]
[Black "maurovargas01"]
[Result "1-0"]
[WhiteElo "2252"]
[BlackElo "1861"]
[TimeControl "180+1"]
[EndTime "9:29:14 PDT"]
[Termination "GMJustin won on time"]

1. d4 d5 2. h3 c6 3. Nf3 Bf5 4. Bf4 e6 5. Nbd2 Bd6 6. Bxd6 Qxd6 7. e3 Nd7 8. c4 Bg6 9. c5 Qc7 10. b4 f5 11. Ng5 Bf7 12. f4 Ngf6 13. Bd3 O-O 14.
O-O Rae8 15. Qe1 a6 16. Ngf3 Ne4 17. Ne5 Qd8 18. Nxe4 fxe4 19. Be2 Nxe5 20. fxe5 Bg6 21. Qg3 Rf7 22. h4 Bf5 23. h5 h6 24. a4 Ref8 25.
b5 axb5 26. axb5 Qg5 27. Qxg5 hxg5 28. b6 g4 29. Kh2 Kh7 30. Kg3 Kh6 31. Bxg4 Bxg4 32.
Rxf7 Rxf7 33. Kxg4 Rf2 34. Ra7 Rxg2+ 35. Kh3 Re2 36.
Rxb7 Rxe3+ 37. Kg4 Rb3 38. Re7 e3 39. Rxe6+ Kh7 40.
Kf3 1-0

[Event "Early-Titled-Tuesday-Blitz-September-12-2023"]
[Site "Chess.com"]
[Date "2023.09.12"]
[Round "8"]
[White "Hasangatin_Ramil"]
[Black "DTChess"]
[Result "0-1"]
[WhiteElo "2714"]
[BlackElo "2529"]
[TimeControl "180+1"]
[EndTime "9:29:15 PDT"]
[Termination "DTChess won on time"]

1. e4 e5 2. Nf3 Nc6 3. Bb5 a6 4.
Ba4 Nf6 5. Bxc6 dxc6 6. d3 Nd7 7. Be3 f6 8. Nbd2 Be7 9. Nh4 Nf8 10. Qh5+ g6 11. Qh6 Kf7 12. Nhf3 Ne6 13. O-O-O Bf8 14.
Qh4 Bd7 15. Nc4 Bg7 16. d4 exd4 17. Nxd4 Nxd4 18. Bxd4 Qe7 19. Kb1 Rad8 20. Rhe1 Be6 21. Ne3 Rhe8 22. Bc3 Kg8 23. f3 b5 24. a3 Rxd1+ 25.
Rxd1 Rd8 26. Qe1 Rxd1+ 27. Qxd1 Kf7 28. Qd3 Qd6 29. g3 Bh6 30. f4 Qxd3 31. cxd3 f5 32. Be5 Bf8 33. Bxc7 Bc5 34. Nf1 fxe4 35. dxe4 Bc4 36.
Nd2 Bd3+ 37. Kc1 Be3 38. e5 Ke6 39. Kd1 Bf5 40. Nf3 Bg4 41. Ke2 Bc1 42. Kf2 Bxf3 43. Kxf3 Bxb2 44. Bd6 Kd5 45. g4 c5 46. h4 c4 47. Ke3 a5 48. h5 Bc1+ 49. Kf3 c3 50. f5 gxh5 51. gxh5 c2 52. f6 Bh6 0-1

[Event "Early-Titled-Tuesday-Blitz-September-12-2023"]
[Site "Chess.com"]
[Date "2023.09.12"]
[Round "8"]
[White "ljuks68"]
[Black "DarZay"]
[Result "1-0"]
[WhiteElo "2436"]
[BlackElo "2261"]
[TimeControl "180+1"]
[EndTime "9:29:15 PDT"]
[Termination "ljuks68 won on time"]

1. e4 c5 2. Nf3 Nc6 3. d4 cxd4 4. Nxd4 Nf6 5. Nc3 d6 6. Bc4 e5 7. Nxc6 bxc6 8. Bg5 Be7 9. Qd2 h6 10. Bxf6 Bxf6 11.
g3 Bg4 12. Qd3 Rb8 13. Bb3 O-O 14. f3 Be6 15. O-O-O Bxb3 16. axb3 Be7 17. f4 Qa5 18. Kb1 Rfd8 19. fxe5 Qxe5 20. Rhf1 Bf6 21. Rf5 Qe6 22. Rdf1 Rb4 23. Qa6 Bxc3 24. bxc3 Rxe4 25. Qxa7 Re1+ 26.
Rxe1 Qxe1+ 27. Kb2 Qe6 28. Ra5 d5 29. Qc5 Qd6 30. Qd4 Re8 31. Qf2 Re4 32. Ra8+ Kh7 33. Qxf7 Qe6 34. Qf1 Re2 35. h4 Qe4 36. Qd1 c5 37. Rc8 c4 38. b4 d4 39. cxd4 Re3 40. Rd8 c3+ 41. Kb3 Rxg3 42. d5 Rg4 43. Rb8 Qc4+ 44.
Ka3 Rg6 45. b5 1-0

[Event "Early-Titled-Tuesday-Blitz-September-12-2023"]
[Site "Chess.com"]
[Date "2023.09.12"]
[Round "8"]
[White "LamaChampetre"]
[Black "Goi_Manne"]
[Result "1-0"]
[WhiteElo "2262"]
[BlackElo "2286"]
[TimeControl "180+1"]
[EndTime "9:29:15 PDT"]
[Termination "LamaChampetre won on time"]

1. d4 d5 2. c4 e6 3. Nf3 Nf6 4. g3 Nbd7 5. Bg2 Bd6 6. O-O O-O 7. Qc2 b6 8. Nc3 Bb7 9. cxd5 exd5 10. Nb5 Nb8 11. Nxd6 Qxd6 12. Bf4 Qc6 13. Qxc6 Nxc6 14. Bxc7 Rac8 15. Bf4 Rfe8 16. e3 Ba6 17. Rfc1 Nb4 18. Ne5 Ne4 19. a3 Nd3 20. Nxd3 Bxd3 21. h4 f6 22. Bh3 Rxc1+ 23. Rxc1 Nd2 24. Bg2 Ne4 25. Rc7 a6 26. b4 h6 27. h5 Be2 28. f3 Nd2 29. Rc2 Nxf3+ 30. Kf2 Bd1 31. Rc1 Nxd4 32. exd4 Bxh5 33. Bxd5+ Kh7 34. Bf3 Bf7 35. d5 Rd8 36.
d6 h5 37. Rc7 Kg8 38. d7 Be6 39. Bc6 Kf7 40. Rb7 g5 41. Bc7 Rxd7 42. Bxd7 Bxd7 43. Bxb6 Ke6 44. Be3 Bb5 45. Rb6+ Kf5 46. Bd4 Ke4 47.
Bxf6 g4 48. Be7 Kf5 49. a4 Bxa4 50. Rxa6 Bb5 51. Ra5 Ke4 52. Rxb5 1-0

[Event "Early-Titled-Tuesday-Blitz-September-12-2023"]
[Site "Chess.com"]
[Date "2023.09.12"]
[Round "8"]
[White "schackspelaren"]
[Black "kidagent"]
[Result "0-1"]
[WhiteElo "2265"]
[BlackElo "2213"]
[TimeControl "180+1"]
[EndTime "9:29:16 PDT"]
[Termination "kidagent won on time"]

1. d4 d5 2. c4 c6 3. Nc3 Nf6 4. e3 e6 5. Nf3 Nbd7 6. Qc2 a6 7. Bd3 dxc4 8. Bxc4 b5 9. Be2 Bd6 10. O-O O-O 11. Rd1 Bb7 12. a4 Qe7 13. Bd2 Rac8 14. Be1 b4 15. Ne4 Nxe4 16. Qxe4 Nf6 17. Qh4 c5 18. Rac1 h6 19. dxc5 Bxc5 20. b3 Nd5 21.
Qxe7 Bxe7 22. Bc4 a5 23. Nd4 Bf6 24. Nb5 Rfd8 25. Kf1 Kf8 26. Ke2 Nb6 27. Bd3 Bxg2 28.
f3 Bh3 29. Bg3 Be7 30. Bc7 Nd5 31. Bxd8 Rxd8 32. Be4 Bf5 33. Bxd5 exd5 34. e4 dxe4 35. Rxd8+ Bxd8 36. fxe4 Bxe4 37. Rc8 Ke7 38. Rb8 Bd5 39. Nd4 g6 40. Kd3 Bc7 41. Rb5 Bg2 42. h4 f5 43.
Ke2 Be4 44. Nf3 Bf4 45. Rxa5 g5 46. hxg5 hxg5 47. Ra7+ Kd6 48. Ra6+ Kc5 49. Ra5+ Kb6 50. Rb5+ Kc6 51. Nd4+ Kd6 52. Nxf5+ Ke6 53. Nd4+ Kd7 54.
Nf3 g4 55. Nd4 g3 56. Nf3 g2 57. Kf2 Bxf3 0-1

[Event "Early-Titled-Tuesday-Blitz-September-12-2023"]
[Site "Chess.com"]
[Date "2023.09.12"]
[Round "8"]
[White "sqmorr"]
[Black "nitpicker"]
[Result "0-1"]
[WhiteElo "2128"]
[BlackElo "2270"]
[TimeControl "180+1"]
[EndTime "9:29:16 PDT"]
[Termination "nitpicker won on time"]

1. d4 Nf6 2. c4 e6 3. Nf3 d5 4. Nc3 Bb4 5. Bg5 c6 6. e3 Nbd7 7. cxd5 exd5 8. Bd3 Bd6 9. O-O h6 10. Bh4 O-O 11. Qc2 Re8 12. Rab1 a5 13. a3 Qe7 14. Rfc1 b5 15. a4 b4 16. Ne2 Bb7 17. Ng3 g5 18. Nf5 Qf8 19. Bg3 Bxg3 20. hxg3 Rac8 21. Qe2 Ne4 22.
Bxe4 dxe4 23. Nd2 Re6 24. Nb3 Ra8 25. Nc5 Nxc5 26. Rxc5 Qd8 27. Rbc1 Rf6 28. Qh5 Kh7 29. Qg4 Qd7 30. Qxe4 Re8 31. Qb1 Kg8 32. e4 Bc8 33.
g4 Rfe6 34. f3 Rf6 35. Rd1 Qc7 36. Kf2 Qf4 37. g3 Qb8 38. e5 Rg6 39. Nd6 Rd8 40. Qe4 Bd7 41. f4 gxf4 42. gxf4 Bxg4 43. Rg1 h5 44. f5 Rg7 45. f6 Rg6 46. Ke3 Rxd6 47. exd6 Qxd6 48. Qe5 Qxf6 49. Qxf6 Rxf6 50. Rg3 Re6+ 51. Kd2 Rd6 52. Ke3 f5 53. d5 h4 54.
Rg1 cxd5 0-1

[Event "Early-Titled-Tuesday-Blitz-September-12-2023"]
[Site "Chess.com"]
[Date "2023.09.12"]
[Round "8"]
[White "FGHSMN"]
[Black "dropstoneDP"]
[Result "0-1"]
[WhiteElo "2899"]
[BlackElo "3023"]
[TimeControl "180+1"]
[EndTime "9:29:18 PDT"]
[Termination "dropstoneDP won by resignation"]

1. e4 e5 2. Nf3 Nf6 3. Nxe5 d6 4.
Nf3 Nxe4 5. d4 d5 6. Bd3 Bd6 7.
O-O O-O 8. Re1 Bf5 9. c4 c6 10. Nc3 Nxc3 11. bxc3 Bxd3 12. Qxd3 dxc4 13. Qxc4 b5 14. Qd3 Nd7 15. Bg5 f6 16. Bh4 Nb6 17. Nd2 Qc7 18. Bg3 Bxg3 19. hxg3 Rae8 20. Ne4 Re7 21. Nc5 Rfe8 22. Rxe7 Qxe7 23. a4 bxa4 24. Nxa4 Nxa4 25. Qc4+ Qe6 26. Qxa4 Re7 27. Qb4 h6 28. c4 Rd7 29. Re1 Qd6 30. Qa4 Qxd4 31. Qxc6 Kh7 32. Qe6 Qd3 33. c5 Rd5 34. Rc1 Qd2 35. Qe4+ f5 36.
Qc4 Rd4 37. Qc2 Qxc2 38. Rxc2 Rd7 39. c6 Rc7 40. f4 Kg6 41. Kf2 Kf6 42. Ra2 Ke6 43.
Ra5 g6 44. Ke3 Kd6 45. Kd4 Kxc6 46. Ra6+ Kb5 47. Rxg6 a5 48. Rxh6 a4 49. Rh8 a3 50.
Ra8 Kb4 51. g4 fxg4 52. f5 Kb3 53. f6 a2 54. Ke5 g3 55. Ke6 Rc8 56. Ra7 Kb2 57. f7 a1=Q 58. Rxa1 Kxa1 59. Ke7 Kb2 60. f8=Q Rxf8 61. Kxf8 Kc3 62. Kf7 Kd4 63. Kg6 Ke3 64. Kg5 Kf2 65. Kg4 Kxg2 0-1

[Event "Early-Titled-Tuesday-Blitz-September-12-2023"]
[Site "Chess.com"]
[Date "2023.09.12"]
[Round "8"]
[White "MathiasWomacka"]
[Black "Journey_to_GrandMaster_YT"]
[Result "0-1"]
[WhiteElo "2474"]
[BlackElo "2612"]
[TimeControl "180+1"]
[EndTime "9:29:18 PDT"]
[Termination "Journey_to_GrandMaster_YT won on time"]

1. e4 d6 2. d4 Nf6 3. Nc3 e5 4. Nf3 Nbd7 5. Bc4 Be7 6. O-O O-O 7. Re1 c6 8. a4 a5 9. h3 Nb6 10. Bf1 exd4 11. Nxd4 d5 12. e5 Ne8 13. Nce2 g6 14.
Bh6 Ng7 15. Nf4 Re8 16. e6 f5 17. b3 Bf6 18. c3 c5 19. Nb5 Nxe6 20. Nxe6 Rxe6 21. Bf4 Rc6 22. Qd2 Bd7 23. Nd6 Ra7 24. Bb5 Rxd6 25. Bxd6 Bxb5 26. Bxc5 Bc6 27. Qe3 Ra6 28.
Qe6+ Kg7 29. Be7 Qxe7 30. Qxe7+ Bxe7 31. Rxe7+ Kh6 32. Rae1 Ra8 33. f4 Rd8 34. Rc7 Rd7 35. Rxd7 Nxd7 36. Kf2 Nc5 37. Ke3 Nxb3 38. Rb1 Nc5 39.
Kd4 Nd7 40. g4 fxg4 41. hxg4 Kg7 42. g5 Kf7 43. c4 dxc4 44. Kxc4 Ke6 45. Rb2 Kf5 46.
Rh2 Nb6+ 47. Kc5 Nxa4+ 48. Kd4 Kxf4 49. Rxh7 Kxg5 0-1

[Event "Early-Titled-Tuesday-Blitz-September-12-2023"]
[Site "Chess.com"]
[Date "2023.09.12"]
[Round "8"]
[White "inagreV"]
[Black "Irishchessman16"]
[Result "1-0"]
[WhiteElo "2286"]
[BlackElo "2471"]
[TimeControl "180+1"]
[EndTime "9:29:18 PDT"]
[Termination "inagreV won by resignation"]

1. e4 g6 2. d4 Bg7 3. c4 Nc6 4.
Be3 d6 5. Nc3 e5 6. Nge2 exd4 7.
Nxd4 Nf6 8. Be2 O-O 9. O-O Re8 10. f3 Ne5 11. Qd2 Bd7 12. Rfd1 a5 13. Rac1 a4 14.
h3 Nh5 15. f4 Nc6 16. Bxh5 gxh5 17. Nf3 Bxc3 18. Qxc3 Rxe4 19. Ng5 Bf5 20. Rd5 Ne7 21. Rxf5 Rxe3 22. Qxe3 Nxf5 23. Qd3 Qd7 24. g4 hxg4 25. hxg4 h6 26. Ne4 Kf8 27. gxf5 Qxf5 28. Qf3 Ke7 29. Re1 Rg8+ 30. Ng3+ Kd7 31. Kf2 Qc2+ 32. Re2 Qxc4 33. Ne4 Qd4+ 34. Qe3 Qg7 35. Ke1 f5 36.
Nc3 Qg1+ 37. Kd2 Qxe3+ 38. Kxe3 Re8+ 39. Kd3 Rxe2 40. Nxe2 b5 41. Nd4 h5 42. Nxf5 c5 43. Ke4 Kc6 44. Ne3 h4 45. f5 h3 46. Ng4 d5+ 47.
Ke5 Kd7 48. Kxd5 c4 49. Kc5 a3 50. f6 c3 51. f7 Ke7 52. bxc3 Kxf7 53. Kxb5 Ke6 54.
Nh2 Kd5 55. c4+ Kd6 56. c5+ Kc7 57. c6 Kc8 58. Kb6 Kb8 59. c7+ Kc8 60. Nf3 1-0

[Event "Early-Titled-Tuesday-Blitz-September-12-2023"]
[Site "Chess.com"]
[Date "2023.09.12"]
[Round "8"]
[White "Andrei_Belozerov"]
[Black "temus_galaktionov"]
[Result "0-1"]
[WhiteElo "2600"]
[BlackElo "2826"]
[TimeControl "180+1"]
[EndTime "9:29:19 PDT"]
[Termination "temus_galaktionov won on time"]

1. d4 c6 2. c4 g6 3. Nc3 d6 4. Nf3 Bg7 5. g3 Nf6 6. Bg2 O-O 7. O-O Nbd7 8. e4 e5 9. h3 a5 10.
Be3 exd4 11. Nxd4 Nc5 12. Qc2 a4 13. Rad1 Qa5 14. Rfe1 Re8 15. b3 Qb4 16. Rb1 axb3 17. axb3 Ra3 18. Bc1 Ra8 19. Bd2 Qb6 20. Be3 Qb4 21.
Red1 Nfd7 22. Nde2 Ra3 23. Na2 Qa5 24. Nac3 Qb4 25.
Na2 Qa5 26. Nec1 Qc7 27. b4 Na4 28. Nb3 Ne5 29. Bd4 Be6 30. c5 dxc5 31. bxc5 Ra8 32. Nc3 Nxc3 33. Qxc3 f6 34. Qc2 Nc4 35. Kh2 Ra2 36. Qd3 Rd8 37. Qc3 Na3 38. Rbc1 Nb5 39. Qb4 Qf7 40. Be3 Rda8 41. Rb1 f5 42. exf5 Bxf5 43.
Qe1 Nc3 44. Nd4 Bxb1 45. Qxc3 Bf5 46. Bf1 R8a3 0-1

[Event "Early-Titled-Tuesday-Blitz-September-12-2023"]
[Site "Chess.com"]
[Date "2023.09.12"]
[Round "8"]
[White "GaiozNigalidze"]
[Black "marik_spb"]
[Result "1-0"]
[WhiteElo "2723"]
[BlackElo "2456"]
[TimeControl "180+1"]
[EndTime "9:29:22 PDT"]
[Termination "GaiozNigalidze won on time"]

1. d4 Nf6 2. c4 e6 3. Nf3 d5 4. Nc3 c5 5. cxd5 Nxd5 6. e4 Nxc3 7. bxc3 cxd4 8. cxd4 Bb4+ 9. Bd2 Qa5 10. Bd3 Nc6 11. O-O Bxd2 12. Nxd2 Nxd4 13. Nc4 Qd8 14. e5 O-O 15.
Nd6 Nf5 16. Bxf5 exf5 17. Qd5 Be6 18. Qxb7 Qb6 19. Qf3 Qd4 20. Rfe1 Qg4 21. Qc3 a5 22. h3 Qg5 23. Qd4 Rab8 24. f4 Qh4 25. Qf2 Qxf2+ 26.
Kxf2 Rb2+ 27. Re2 Rfb8 28. a3 h6 29. Re1 R8b3 30. Rxb2 Rxb2+ 31. Re2 Rb3 32. Re3 Rb2+ 33. Kg1 Bd5 34. g3 g5 35. Nxf5 Kh7 36. Nd4 Kg6 37. f5+ Kh5 38. e6 Rb1+ 39. Kf2 Rb2+ 40. Ke1 fxe6 41.
fxe6 Rb8 42. e7 Bf7 43. Nf5 Kg6 44. Nd6 Be8 45. Rf3 Rb6 46. Nxe8 Re6+ 47. Kd2 Rxe7 48. Nd6 Rd7 49. Rd3 h5 50. Nc4 1-0

[Event "Early-Titled-Tuesday-Blitz-September-12-2023"]
[Site "Chess.com"]
[Date "2023.09.12"]
[Round "8"]
[White "BlitzWizard04"]
[Black "BatboldNyamsuren0919"]
[Result "0-1"]
[WhiteElo "2612"]
[BlackElo "2524"]
[TimeControl "180+1"]
[EndTime "9:29:23 PDT"]
[Termination "BatboldNyamsuren0919 won by resignation"]

1. e4 c6 2. d4 c5 3. dxc5 Nc6 4. Nf3 g6 5. c3 Bg7 6. Bb5 Qc7 7. O-O Nf6 8. Nbd2 O-O 9. Qe2 a6 10. Bxc6 dxc6 11. e5 Nd5 12. Nc4 Bg4 13. Re1 Rfd8 14. h3 Bf5 15. Ne3 Nf4 16. Qc4 Nd3 17. Rd1 Nxe5 18. Nxe5 Bxe5 19. Bd2 Bd3 20. Qg4 h5 21. Qf3 Qa5 22. b4 Qa3 23. g4 h4 24. Ng2 Bc2 25.
Re1 Rxd2 26. Rxe5 Rd3 27. Ne3 Qxc3 28. Rxe7 Qxa1+ 29. Kg2 Rf8 30. Nxc2 Qh1+ 31. Kxh1 Rxf3 32. Kg2 Rc3 33. Ne3 Rb8 34. g5 Kf8 35. Rd7 a5 36. a3 Rxa3 37. Nc4 Ra4 38. Nd6 Rxb4 39. Rxf7+ Kg8 40.
Rf6 a4 41. Rxg6+ Kh7 42. Rh6+ Kg7 43. Nf5+ Kf7 44. Rf6+ Kg8 45. Rg6+ Kf7 46. Rg7+ Ke6 47. Ne3 a3 48. Nc2 a2 49. g6 Rb2 50. Nd4+ Kd5 51.
Rd7+ Kxc5 52. Ne6+ Kb6 53. g7 a1=Q 54. Rf7 Qa2 55. Rf8 Qxe6 56. Rxb8 Qg6+ 0-1

[Event "Early-Titled-Tuesday-Blitz-September-12-2023"]
[Site "Chess.com"]
[Date "2023.09.12"]
[Round "8"]
[White "ShiroglanTalibov"]
[Black "CSB7"]
[Result "1-0"]
[WhiteElo "2858"]
[BlackElo "2713"]
[TimeControl "180+1"]
[EndTime "9:29:25 PDT"]
[Termination "ShiroglanTalibov won by resignation"]

1. e4 e6 2. Qe2 e5 3. Nf3 Nc6 4. g3 g6 5. Bg2 Bg7 6. O-O Nge7 7. c3 O-O 8. Na3 h6 9. Nc2 d5 10. d3 Be6 11. Re1 Qd7 12. Be3 Rad8 13. Bc5 dxe4 14.
dxe4 Qd3 15. Qxd3 Rxd3 16. Nb4 Rd7 17. Nxc6 bxc6 18. a4 Rb8 19. b4 Nc8 20. a5 a6 21.
Bf1 Ra8 22. Rad1 Nd6 23. Kg2 Kf8 24. h3 Ke8 25. Nd2 Nb5 26. c4 Nc3 27. Rc1 Rxd2 28. Rxc3 Bf8 29. Bxf8 Kxf8 30. Rb1 Rb8 31. c5 Ba2 32. Ra1 Rxb4 33. Bxa6 Rxe4 34. Rd3 Rxd3 35. Bxd3 Ra4 36. Kh2 Rxa5 37. Bb1 Bxb1 38. Rxa5 Ke7 39. Ra7 Kd7 40. Kg2 Be4+ 41. Kf1 Bf3 42. Ke1 Bg2 43. h4 h5 44. Kd2 Be4 45. Ke3 Bd5 46. f4 exf4+ 47.
Kxf4 Be6 48. Ke5 Bc4 49. Kf6 Bb3 50. Ra8 Bd5 51. Rf8 Bc4 52. Rxf7+ Bxf7 53. Kxf7 1-0

[Event "Early-Titled-Tuesday-Blitz-September-12-2023"]
[Site "Chess.com"]
[Date "2023.09.12"]
[Round "8"]
[White "kacprekt"]
[Black "Aygehovit1992"]
[Result "0-1"]
[WhiteElo "2470"]
[BlackElo "2726"]
[TimeControl "180+1"]
[EndTime "9:29:25 PDT"]
[Termination "Aygehovit1992 won by resignation"]

1. e4 c5 2. c3 Nf6 3. e5 Nd5 4. Nf3 Nc6 5. Bc4 Nb6 6. Bb3 d5 7. exd6 Qxd6 8. Na3 Ne5 9. Nb5 Nd3+ 10. Kf1 Qc6 11.
a4 Bf5 12. a5 Qxb5 13. axb6 Nxc1+ 14. c4 Qxb3 15. Qxc1 Qxb6 16. d4 e6 17. d5 exd5 18. Qg5 Be6 19. cxd5 h6 20. Qe3 Qxb2 21. Re1 O-O-O 22.
dxe6 fxe6 23. Ne5 Qb5+ 24. Kg1 Qe8 25. Qf3 Bd6 26. Rb1 Qe7 27. Ng6 Qc7 28. Nxh8 Rxh8 29. Qg4 Re8 30. g3 c4 31. Rc1 c3 32. Qh5 Rd8 33. Qg4 Be5 34. Qxe6+ Kb8 35. Kg2 Bf6 36. Rhd1 Rxd1 37. Rxd1 Qc6+ 38. Qxc6 bxc6 39. Rc1 a5 40.
Kf3 Kc7 41. Ke4 Kb6 42. Kd3 a4 43. Kc4 a3 44. Kb3 Kc5 45. Kxa3 Kc4 46. f4 Bd4 47.
f5 Be3 48. Rc2 c5 49. g4 Kd3 50. Rg2 c2 51. Rxc2 Kxc2 52. h4 Kd3 53. g5 hxg5 54.
hxg5 Bxg5 55. Kb2 Bf6+ 56. Kc1 c4 57. Kd1 c3 58. Kc1 Bg5+ 59. Kd1 c2+ 0-1

[Event "Early-Titled-Tuesday-Blitz-September-12-2023"]
[Site "Chess.com"]
[Date "2023.09.12"]
[Round "8"]
[White "Witty_Alien"]
[Black "Hilary46"]
[Result "1-0"]
[WhiteElo "2213"]
[BlackElo "2562"]
[TimeControl "180+1"]
[EndTime "9:29:25 PDT"]
[Termination "Witty_Alien won by resignation"]

1. e4 e5 2. Nf3 Nc6 3. d4 exd4 4.
Nxd4 Nf6 5. Nxc6 bxc6 6. e5 Qe7 7.
Qe2 Nd5 8. c4 Ba6 9. b3 g6 10. g3 Bg7 11. Bb2 O-O 12. Bg2 Rae8 13. O-O Bxe5 14. Bxe5 Qxe5 15. Qxe5 Rxe5 16. Nd2 Nb4 17.
Nf3 Re7 18. a3 Nd3 19. Rfd1 Nc5 20. Nd4 Rb8 21. Bxc6 dxc6 22. Nxc6 Ree8 23. Nxb8 Rxb8 24. b4 Nb3 25. Rab1 Bxc4 26. Rd7 Rc8 27. g4 Be6 28. Rd3 c5 29. Rdxb3 Bxb3 30. Rxb3 cxb4 31. Rxb4 Rc3 32. Ra4 Rc7 33. g5 Kf8 34. Kg2 Ke7 35. Kg3 Kd6 36.
f4 Kc5 37. Ra6 Kb5 38. Rf6 a5 39. Kg4 Ra7 40. Rd6 Kc4 41. h4 a4 42. h5 Rc7 43.
Rb6 Kd5 44. Rb4 Rc4 45. Rb7 gxh5+ 46. Kxh5 Rxf4 47. Ra7 Ke6 48. Kh6 Kf5 49. Rxf7+ Kg4 50. Rxh7 Kf5 51. Rf7+ 1-0

[Event "Early-Titled-Tuesday-Blitz-September-12-2023"]
[Site "Chess.com"]
[Date "2023.09.12"]
[Round "8"]
[White "Kapitan_Bayan"]
[Black "FeketeBarika"]
[Result "0-1"]
[WhiteElo "2205"]
[BlackElo "2393"]
[TimeControl "180+1"]
[EndTime "9:29:25 PDT"]
[Termination "FeketeBarika won on time"]

1. e4 e6 2. d4 d5 3. Nc3 Nf6 4. e5 Nfd7 5. f4 c5 6. Nf3 Nc6 7. Be3 Be7 8. dxc5 O-O 9. Nd4 Bxc5 10. Qd2 Nxd4 11. Bxd4 Bxd4 12. Qxd4 Qb6 13. Nb5 a6 14. Qxb6 Nxb6 15. Nd6 Rb8 16. Bd3 Bd7 17. O-O g6 18. g4 Nc8 19. Nxc8 Rbxc8 20. c3 b5 21. f5 exf5 22. gxf5 Rce8 23. Rae1 Kh8 24. Kg2 gxf5 25. Bxf5 Be6 26. Bxe6 fxe6 27. Kh3 Kg7 28. Kh4 Kh6 29.
Kg4 Rg8+ 30. Kh4 Ref8 31. Kh3 Rxf1 32. Rxf1 Kg7 33. Rf6 Re8 34. Kg4 a5 35. a3 Re7 36.
h4 Re8 37. Kg5 b4 38. axb4 axb4 39. cxb4 d4 40. Rf4 Rd8 41. Rf2 Rd5 42. Kf4 Kg6 43. Rd2 Kh5 44. Ke4 Kxh4 45. Rxd4 Rb5 46. Kd3+ Kg5 47.
Re4 h5 48. Kc4 Rd5 49. b5 h4 50. b6 Rd7 51. Re3 Kf4 0-1

[Event "Early-Titled-Tuesday-Blitz-September-12-2023"]
[Site "Chess.com"]
[Date "2023.09.12"]
[Round "8"]
[White "schack_vit"]
[Black "Predator0608"]
[Result "1-0"]
[WhiteElo "2463"]
[BlackElo "2526"]
[TimeControl "180+1"]
[EndTime "9:29:26 PDT"]
[Termination "schack_vit won by resignation"]

1. c4 b6 2. Nc3 Bb7 3. e4 e5 4.
g3 Nf6 5. Bg2 Bc5 6. Nf3 Nc6 7.
O-O O-O 8. d3 d6 9. Na4 Nd4 10.
Nxc5 bxc5 11. Nxd4 cxd4 12. b4 c6 13. Rb1 d5 14. exd5 cxd5 15. c5 Qc7 16. Qb3 e4 17. b5 Qxc5 18. Ba3 Qc3 19. Bxf8 Kxf8 20. Rfc1 Qa5 21. Qb4+ Qxb4 22. Rxb4 Ke7 23. dxe4 dxe4 24.
Rc7+ Kd6 25. Rxb7 Kc5 26. Rb1 d3 27. Rc7+ Kd4 28. Rb4+ Ke5 29. Rc5+ Kd6 30. Rc6+ Ke5 31. f4+ Kd5 32. Kf2 a5 33. Rxf6 axb4 34. Rf5+ Kd4 35.
Re5 Rxa2+ 36. Kf1 Ra1+ 37. Kf2 Ra2+ 38. Kf1 d2 39. Rxe4+ Kc3 40. Ke2 d1=Q+ 41. Kxd1 Rxg2 42. b6 Rxh2 43. b7 Kd3 44. b8=Q Kxe4 45. Qxb4+ Kf3 46.
Qc3+ Kg4 47. Qxg7+ Kf3 48. Qxf7 Kxg3 49. f5 Kf3 50. f6 Ke3 51. Qe7+ Kd3 52. Qd7+ Ke4 53. f7 Rh1+ 54. Kc2 Rh2+ 55. Kc3 Rf2 56. Kc4 Rc2+ 57. Kb3 Rf2 58. Qe8+ Kd3 59. f8=Q Rxf8 60. Qxf8 Ke3 61.
Qh6+ 1-0

[Event "Early-Titled-Tuesday-Blitz-September-12-2023"]
[Site "Chess.com"]
[Date "2023.09.12"]
[Round "8"]
[White "noblerone"]
[Black "sjoerd893"]
[Result "1-0"]
[WhiteElo "2534"]
[BlackElo "2469"]
[TimeControl "180+1"]
[EndTime "9:29:27 PDT"]
[Termination "noblerone won by resignation"]

1. d4 d5 2. Nf3 Nf6 3. Bg5 Nbd7 4. Nbd2 c6 5. e3 e6 6. Bd3 Bd6 7. c3 h6 8. Bh4 O-O 9. O-O b6 10. e4 e5 11. exd5 cxd5 12. dxe5 Nxe5 13. Nxe5 Bxe5 14. Nf3 Bd6 15. Nd4 Re8 16. Bc2 Ba6 17. Bxf6 Qxf6 18.
Re1 Bc5 19. Nf3 Bb7 20. Qd3 g6 21. Rad1 Re4 22. Qd2 Rf4 23. Nd4 h5 24. g3 Rg4 25.
Qe3 h4 26. Qe5 Qxe5 27. Rxe5 Bd6 28. Ree1 Rc8 29. Bd3 hxg3 30. hxg3 Rg5 31. Kg2 Rh5 32. Be2 Re5 33. Bf3 Rxe1 34. Rxe1 Bc5 35. Rd1 Kg7 36. Nb3 Rd8 37. Nd4 Rd7 38. a3 Kf6 39. Bg4 Rd8 40. Bf3 Bxd4 41. Rxd4 Ke5 42. Bd1 f5 43. f4+ Kd6 44.
Bb3 a5 45. Rd2 Kc5 46. Kf2 d4 47. cxd4+ Rxd4 48. Rxd4 Kxd4 49. Bf7 Kd3 50. Bxg6 Be4 51. g4 fxg4 52. Bxe4+ Kxe4 53. Kg3 Kd3 54. f5 Kc2 55. f6 Kxb2 56. f7 Kxa3 57. f8=Q+ Ka4 58.
Qf4+ Ka3 59. Qe3+ Ka2 60. Qxb6 a4 61. Qb4 a3 62. Kxg4 Ka1 63. Qxa3+ 1-0

[Event "Early-Titled-Tuesday-Blitz-September-12-2023"]
[Site "Chess.com"]
[Date "2023.09.12"]
[Round "8"]
[White "AnaKuchava"]
[Black "itsdsyr"]
[Result "0-1"]
[WhiteElo "2240"]
[BlackElo "2240"]
[TimeControl "180+1"]
[EndTime "9:29:27 PDT"]
[Termination "itsdsyr won by resignation"]

1. d4 Nf6 2. Nf3 e6 3. c4 b6 4. a3 Bb7 5. Nc3 d5 6. cxd5 exd5 7. Bf4 a6 8. e3 Bd6 9. Bxd6 Qxd6 10. Bd3 O-O 11.
O-O Nbd7 12. Rc1 c5 13. Bb1 Rfe8 14. dxc5 bxc5 15. Qd3 g6 16. Rfd1 Ne5 17. Nxe5 Qxe5 18. Na4 c4 19. Qd4 Qxd4 20. Rxd4 Nd7 21. Nc3 Nf6 22.
g4 h6 23. h4 g5 24. hxg5 hxg5 25. Bf5 Bc6 26. Kg2 Rab8 27. Rc2 Rb6 28. Nd1 Kg7 29.
Rcd2 Reb8 30. f4 gxf4 31. exf4 Ne8 32. g5 Nd6 33. Bc2 Nb5 34. Rxd5 Nc7 35. Be4 Nxd5 36. Bxd5 Rd8 37. Ne3 Bxd5+ 38. Rxd5 Rxb2+ 39. Kf3 Rxd5 40. Nxd5 Rb3+ 41. Ke4 Rxa3 42. Kd4 c3 43. Nxc3 Rxc3 44.
Kxc3 Kg6 45. Kb4 Kf5 46. Ka5 Kxf4 47. Kxa6 Kxg5 48. Kb5 Kf4 49. Kc4 Ke3 50. Kd5 f5 51. Ke5 f4 52. Kf5 f3 53. Kg4 f2 54. Kg3 f1=Q 55.
Kg4 0-1